 Dungeon Crawl Stone Soup version 0.31-a0-963-ga325b2283a (webtiles) character file.

Game seed: 1386405308264302057

18 Xavori the Trooper (level 2, 17/17 (25) HPs)
             Began as a Djinni Chaos Knight on Oct 24, 2023.
             Was a Plaything of Xom.
             Quit the game on level 1 of the Dungeon.
             The game lasted 00:00:56 (10662 turns).

Xavori the Trooper (Djinni Chaos Knight)           Turns: 10662, Time: 00:00:57

HP:   17/17 (25)    AC:  5    Str: 11    XL:     2   Next: 90%
Gold: 31            EV: 11    Int: 13    God:    Xom [......] SH:  0 Dex: 10

rFire   + + .        a - +0 falchion (chaos)
rCold   x . .        (no shield)
rNeg    . . .        b - +2 leather armour
rPois   ∞            (no helmet)
rElec   .            e - scarf {repulsion}
rCorr   .            (no gloves)
SInv    .            (boots unavailable)
Will    +....        (no amulet)
Stlth   +            (no ring)
HPRegen 0.22/turn    (no ring)
MPRegen 0.00/turn

%: repel missiles
@: flying, very heavily drained
A: sickness immunity, fire resistance 2, cold vulnerability 1, float, innate
caster, HP casting, extra vitality 1, clumsy 1, strong-willed 1, screaming 1
a: Renounce Religion


You were on level 1 of the Dungeon.
You worshipped Xom.
You were a very special plaything of Xom.
You visited 1 branch of the dungeon, and saw 2 of its levels.

You collected 31 gold pieces.

Inventory:

Hand Weapons
 a - a +0 falchion of chaos (weapon)
Armour
 b - a +2 leather armour (worn)
 e - a scarf of repulsion (worn)
Scrolls
 c - a scroll of butterflies
 h - a scroll of immolation {unknown}
Potions
 d - a potion of degeneration {unknown}
 f - a potion of curing {unknown}
 g - a potion of haste {unknown}


   Skills:
 + Level 3.2 Fighting
 + Level 2.9 Long Blades
 + Level 1.4 Armour
 + Level 2.5 Dodging You didn't know any spells. Your spell library was empty.

Dungeon Overview and Level Annotations

Branches:
Dungeon (2/15)

Altars:


Innate Abilities, Weirdness & Mutations

You are immune to sickness and miasma.
You are immune to poison.
Your flesh is very heat resistant. (rF++)
You are vulnerable to cold. (rC-)
You float through the air rather than walking.
You learn spells naturally, not from books.
Your magical power is your life essence.
You have superior vitality. (+4 MHP)
You are clumsy. (Dex -2)
You are strong-willed. (Will+)
You occasionally shout uncontrollably at your foes.


Message History

You start waiting.
Done waiting.
You start waiting.
Done waiting.
You start waiting.
Done waiting.
You start waiting.
Done waiting.
You start waiting. "This place needs a little more atmosphere."
You are now a very special plaything of Xom.
You start waiting.
Your trail of clouds dissipates.
You start waiting.
Done waiting.
You start waiting.
Done waiting.
You start waiting.
Done waiting.
You start waiting.
Done waiting.
You start waiting.
Done waiting.
You start waiting.
Done waiting.
You start waiting.
Done waiting.
You start waiting.
Done waiting.
You start waiting.
Done waiting.
You start waiting.
Done waiting.
You start waiting.
Done waiting.
You start waiting.
Done waiting.
You start waiting.
Done waiting.
Are you sure you want to abandon this character and quit the game? (Confirm with "yes".)

#####.######....# #.# #.....##
###### #.# #......#### #..†.#
#.## #.......... #..#.#### #..#
#..#.....## ...#....# #..#
#..##.##.## ...####.# #..##
#........## ...# #.##
##...###.......... ...## #..###
#@.............### ....###....#
#.#.##.........### .....##....#
###.#..........#..##
.....##....###........#.##.###.##
.....###...##..#.#..#.#.##.###.##
......##......##.#..#.#.##.#.....
......##...#####.#.##.#.##.#.#..#
......##....# #...##.#..#.#.##.#
....⌠.##....# #...##.##.#.#.##..


There were no monsters in sight!

Vanquished Creatures
  2 ball pythons
  A bat (D:1)
  An endoplasm (D:1)
  3 goblins (D:1)
  2 hobgoblins (D:1)
  2 quokkas (D:1)
  4 frilled lizards (D:1)
  A rat (D:1)
16 creatures vanquished.

Notes
Turn   | Place    | Note
-------+----------+-------------------------------------------
     0 | D:1      | Xavori the Djinni Chaos Knight began the quest for the Orb.
     0 | D:1      | Reached XP level 1. HP: 20/20 MP: 0/0
    26 | D:1      | XOM: divination: detect items
    66 | D:1      | XOM: silly message
   145 | D:1      | Reached XP level 2. HP: 25/25 MP: 0/0
   819 | D:1      | XOM: noise
  1104 | D:1      | XOM: silly message
  1375 | D:1      | XOM: silly message
  1404 | D:1      | XOM: divination: detect creatures
  1879 | D:1      | XOM: cloud trail
  1918 | D:1      | XOM: silly message
  1937 | D:1      | XOM: torment (14/25 hp)
  2146 | D:1      | XOM is BORED!
  2146 | D:1      | XOM: give mutation
  2146 | D:1      | Gained mutation: Your flesh is almost immune to the effects
                  | of heat. (rF+++) [Xom's mischief]
  2948 | D:1      | XOM: noise
  3096 | D:1      | XOM is BORED!
  3096 | D:1      | XOM: draining
  3906 | D:1      | XOM: draining
  3908 | D:1      | XOM: summons 1 hostile demon
  3909 | D:1      | Noticed a quasit
  4030 | D:2      | XOM: summons 2 hostile demons
  4203 | D:1      | XOM: silly message
  4895 | D:1      | XOM: give mutations
  4895 | D:1      | Lost mutation: Your flesh is almost immune to the effects
                  | of heat. (rF+++) [Xom's mischief]
  4895 | D:1      | Gained mutation: You occasionally shout uncontrollably at
                  | your foes. [Xom's mischief]
  4895 | D:1      | Gained mutation: You are strong-willed. (Will+) [Xom's
                  | mischief]
  5208 | D:1      | XOM: silly message
  5414 | D:1      | XOM is BORED!
  5414 | D:1      | XOM: noise
  6830 | D:1      | XOM: give mutations
  6830 | D:1      | Gained mutation: You are clumsy. (Dex -2) [Xom's mischief]
  7071 | D:1      | XOM is BORED!
  7476 | D:1      | XOM: divination: detect creatures
  7962 | D:1      | XOM: god gift: runed whip {god gift}
  8812 | D:1      | XOM: silly message
  8884 | D:1      | XOM: divination: detect creatures
  9287 | D:1      | XOM: cloud trail
 10662 | D:1      | Quit the game

Illustrated notes

Levels and vault maps discovered:
D:1:      tekkud_arrival_beachfront_property, layout_rooms
D:2:      layout_rooms

Action                     || total
---------------------------++-------
  Melee: Falchion          ||    46
 Armour: Leather armour    ||    25
  Dodge: Dodged            ||    30

Table legend: (Time is in decaauts)
 A = Elapsed time spent in this place.
 B = Non-inter-level travel time spent in this place.
 C = Inter-level travel time spent in this place.
 D = Time resting spent in this place.
 E = Time spent auto-exploring this place.
 F = Levels seen in this place.
 G = Mean time per level.
                   A        B        C        D        E       F      G
               +--------+--------+--------+--------+--------+-----+--------+
         Total |  10671 |  10630 |     41 |  10118 |    385 |   2 | 5335.5 |
       Dungeon |  10671 |  10630 |     41 |  10118 |    385 |   2 | 5335.5 |
               +--------+--------+--------+--------+--------+-----+--------+

Top non-repeatable levels by time:
     D:1: 10545 daAuts
     D:2: 125 daAuts
